AoeStats
← aaa

Acropolis

503654787Analyzed
1v1 RM · 1mo ago on Sep 1, 2026· 35m 8s· 2 players
Game mode
Random Map
Map size
Tiny (2 player)
Population
200
Speed
Normal
Resources
Standard
Victory
Conquest
Starting age
Dark Age
Ending age
Imperial Age
RankedLock teamsTeams togetherTeam positionsShared explorationLock speedFull tech treeHidden civsTurbo modeCheats
Victory
Defeat
🇨🇴 Hindustanis · Colombia
684
+17
🇸🇰 Poles · Slovakia
702
-35
Rohirrim
10:58 Feudal Age
14:49 Double-Bit Axe
17:42 Horse Collar
21:20 Castle Age
22:57 Light Cavalry
26:53 Heavy Plow
27:06 Bow Saw
27:43 Bloodlines
30:21 Husbandry
32:29 Grand Trunk Road
aaa
1:15 Loom
15:31 Feudal Age
16:42 Horse Collar
17:12 Double-Bit Axe
19:19 Wheelbarrow
18:30 Town Watch
18:16 Man-at-Arms
22:02 Forging
22:43 Fletching
22:55 Padded Archer Armor
24:08 Scale Mail Armor
25:48 Scale Barding Armor
26:22 Gold Mining
27:30 Arson
28:33 Stone Mining
32:16 Castle Age
33:19 Hand Cart
33:30 Bow Saw
33:32 Crossbowman
36:10 Iron Casting
Connection lost

Rejoining the realm…

Still unreachable

The connection could not be restored.

Session expired

The server has moved on; the page needs a fresh start.